 Dungeon Crawl Stone Soup version 0.23.2-40-g277498a001 (webtiles) character file.

Game seed: 14612974224365240264

48 Marnok the Charlatan (level 3, -1/28 HPs)
             Began as a Demigod Artificer on Oct 14, 2019.
             Slain by a giant cockroach (2 damage)
             ... on level 2 of the Dungeon.
             The game lasted 00:04:46 (1835 turns).

Marnok the Charlatan (Demigod Artificer)            Turns: 1835, Time: 00:04:46

Health: -1/28      AC:  3    Str: 17    XL:     3   Next: 30%
Magic:  7/7        EV: 12    Int: 15    God:
Gold:   125        SH:  0    Dex: 16    Spells: 2/2 levels left

rFire    . . .     SeeInvis .   k - +0 hand axe (flame)
rCold    . . .     Gourm    .   (no shield)
rNeg     . . .     Faith    .   b - +0 leather armour
rPois    .         Spirit   .   (no helmet)
rElec    .         Reflect  .   (no cloak)
rCorr    .         Harm     .   (no gloves)
MR       .....                  (no boots)
Stlth    ++........             g - amulet of rage
HPRegen  0.09/turn              (no ring)
MPRegen  0.10/turn              (no ring)

@: no status effects
A: high mp 1
a: Evoke Berserk Rage


You were on level 2 of the Dungeon.
You were not hungry.

You visited 1 branch of the dungeon, and saw 3 of its levels.

You collected 125 gold pieces.

Inventory:

Hand Weapons
 a - a +0 short sword
 k - a +0 hand axe of flaming (weapon)
Armour
 b - a +0 leather armour (worn)
Jewellery
 g - an amulet of rage (around neck)
Wands
 c - a wand of flame (15)
 d - a wand of enslavement (15)
 e - a wand of random effects (15)
Scrolls
 h - 2 scrolls of identify
 i - a scroll of remove curse {unknown}
 n - a scroll of enchant armour {unknown}
Potions
 l - a potion of cancellation {unknown}
 m - 2 potions of haste {unknown}
Comestibles
 f - 4 rations
 o - a chunk of flesh


   Skills:
 + Level 1.2 Fighting
 + Level 1.5 Short Blades
 + Level 0.8 Armour
 + Level 2.1 Dodging
 + Level 0.9 Stealth
 + Level 3.2 Evocations


You had 2 spell levels left.
You didn't know any spells.
Your spell library was empty.

Dungeon Overview and Level Annotations

Branches:
Dungeon (3/15)

Annotations:
D:2 Sigmund


Innate Abilities, Weirdness & Mutations

You have an increased reservoir of magic. (+10% MP)


Message History

As you read the scroll of teleportation, it crumbles to dust.
You feel strangely unstable.
The giant cockroach bites you but does no damage.
Sigmund barely misses you.
Your surroundings suddenly seem different.
The goblin shoots a stone.
The stone completely misses you.
You see here a stone.
A giant cockroach comes into view.
Found a stone staircase leading down.
There is an open door here.
The giant cockroach bites you but does no damage.
You closely miss the giant cockroach. You hit the kobold but do no damage.
The kobold barely misses you. The giant cockroach barely misses you.
The kobold hits you with a +0 club.
* * * LOW HITPOINT WARNING * * *
You hit the giant cockroach but do no damage.
You barely miss the kobold.
The giant cockroach completely misses you.
The giant cockroach bites you.
You die...

#..........#.............
##(.###.#.............
#.......#.............
#......g#.............
#.......#.......##.###
#####'##.#... ..+..
#.........# ##
#....sK...# #.....@...#
###....s.## #...#..#
#####..# #>. ###


You could see 2 giant cockroaches, a goblin and a kobold.

Vanquished Creatures
  A gnoll (D:1)
  2 dart slugs (D:1)
  A leopard gecko (D:2)
  2 giant cockroaches
  3 goblins
  2 hobgoblins (D:1)
  3 jackals (D:1)
  5 bats
  3 frilled lizards
  5 kobolds
  7 rats
34 creatures vanquished.

Notes
Turn   | Place    | Note
-------+----------+-------------------------------------------
     0 | D:1      | Marnok the Demigod Artificer began the quest for the Orb.
     0 | D:1      | Reached XP level 1. HP: 15/15 MP: 5/5
   262 | D:1      | Reached skill level 3 in Evocations
   482 | D:1      | Reached XP level 2. HP: 9/22 MP: 6/6
   785 | D:2      | Reached skill level 1 in Short Blades
   830 | D:1      | Reached skill level 1 in Fighting
   832 | D:1      | HP: 1/23 [frilled lizard (3)]
  1214 | D:1      | Reached XP level 3. HP: 10/28 MP: 7/7
  1814 | D:2      | Noticed Sigmund
  1834 | D:2      | HP: 1/28 [kobold/+0 club (4)]
  1835 | D:2      | Slain by a giant cockroach

Skill      XL: |  1  2 |
---------------+-------+-----
Evocations     | 3 |  3.2
Dodging        | 2 |  2.1
Short Blades   | 1 |  1.5
Fighting       | 1 |  1.2
Armour         | |  0.8
Stealth        | |  0.9

Action                   || total
-------------------------++-------
Melee: Short sword       ||    97
       Hand axe          ||    27
  Use: Potion            ||     1
       Scroll            ||     2
 Stab: Distracted        ||     1
  Eat: Chunk             ||     3
Armor: Leather armour    ||    62
Dodge: Dodged            ||   122
